 Dungeon Crawl Stone Soup version 0.23-a0-558-g30802b1 (webtiles) character file.

1002 zishaf the Digger (level 8, -8/66 HPs)
             Began as a Ghoul Earth Elementalist on Dec 12, 2018.
             Was a Follower of Vehumet.
             Mangled by a centaur (9 damage)
             ... on level 4 of the Dungeon.
             The game lasted 00:13:11 (6782 turns).

zishaf the Digger (Ghoul Earth Elementalist)        Turns: 6782, Time: 00:13:11

Health: -8/66      AC:  4    Str: 12    XL:     8   Next: 20%
Magic:  3/13       EV: 13    Int: 12    God:    Vehumet [*.....]
Gold:   245        SH:  0    Dex:  9    Spells: 9/15 levels left

rFire    . . .     SeeInvis .   (no weapon)
rCold    + + .     Gourm    .   (no shield)
rNeg     + + +     Faith    .   c - +0 robe
rPois    ∞         Spirit   .   (no helmet)
rElec    .         Reflect  .   e - +0 cloak
rCorr    +         Harm     .   h - +0 pair of gloves
MR       .....                  (no boots)
Stlth    ++........             (no amulet)
HPRegen  0.00/turn              l - ring of protection from cold
MPRegen  0.13/turn              j - ring of resist corrosion

@: very slightly contaminated, rotting, hasted, very quick
A: rotting body, claws 1, carnivore, cold resistance 1, negative energy
resistance 3, inhibited regeneration, torment resistance, unbreathing
a: Renounce Religion


You were on level 4 of the Dungeon.
You worshipped Vehumet.
Vehumet was aware of your devotion.
You were not hungry.

You visited 2 branches of the dungeon, and saw 6 of its levels.

You collected 245 gold pieces.

Inventory:

Armour
 c - a +0 robe (worn)
 e - a +0 cloak (worn)
 h - a +0 pair of gloves (worn)
Jewellery
 j - a ring of resist corrosion (right hand)
 l - a ring of protection from cold (left hand)
Scrolls
 a - 2 scrolls of remove curse
 g - 2 scrolls of enchant weapon
 i - a scroll of blinking {unknown}
 k - 2 scrolls of fear {unknown}
 m - 2 scrolls of fog
 o - 2 scrolls of immolation {unknown}
 q - 2 scrolls of teleportation {unknown}
 s - a scroll of amnesia {unknown}
 t - a scroll of noise {unknown}
Potions
 p - a potion of curing
 r - a potion of degeneration
Comestibles
 b - 2 chunks of flesh
 d - 7 rations


   Skills:
 + Level 4.2 Fighting
 + Level 4.0 Dodging
 - Level 2.1 Stealth
 - Level 4.0 Spellcasting
   Level 0.8 Transmutations
 * Level 7.1 Earth Magic


You had 9 spell levels left.
You knew the following spells:

 Your Spells              Type           Power        Failure   Level  Hunger
a - Sandblast             Erth           ###...       1%          1    #......
b - Lee's Rapid Deconstr  Erth           ###.......   32%         5    ######.

Your spell library contained the following spells:

 Spells                   Type           Power        Failure   Level  Hunger
 Flame Tongue             Conj/Fire      #....        22%         1    #......
 Passwall                 Tmut/Erth      ##......     6%          2    ##.....
 Stone Arrow              Conj/Erth      ##....       16%         3    ###....
 Petrify                  Tmut/Erth      ##......     38%         4    #####..


Dungeon Overview and Level Annotations

Branches:
Dungeon (5/15)             Temple (1/1) D:4

Altars:
Ashenzari
Cheibriados
Dithmenos
Gozag
Makhleb
Okawaru
Sif Muna
Trog
Vehumet
Wu Jian
Xom
Yredelemnul
Zin
The Shining One


Innate Abilities, Weirdness & Mutations

Your body is rotting away.
You thrive on raw meat.
You are immune to poison.
You have sharp fingernails.
You are carnivorous and can eat meat at any time.
Your flesh is cold resistant. (rC+)
You are immune to negative energy. (rN+++)
You do not regenerate when monsters are visible.
You are immune to unholy pain and torment.
You can survive without breathing.


Message History

The centaur is severely wounded.
The centaur hits you but does no damage.
You closely miss the centaur.
The centaur is severely wounded.
The centaur hits you.
* * * LOW HITPOINT WARNING * * *
You hit the centaur but do no damage.
The centaur is severely wounded.
The centaur barely misses you.
You hit the centaur.
The centaur is severely wounded.
The centaur hits you.
* * * LOW HITPOINT WARNING * * *
You closely miss the centaur.
The centaur is severely wounded.
The centaur closely misses you.
You hit the centaur.
The centaur is severely wounded.
The centaur hits you!
You die...

##.....#.......##
#..............#
#..............#
#..............###
#.................
#.....<...........
##.............).#.
#.c....#........###
#.@...##.....####
##....####...##
##.....# #...#
#.....### #...# #####
##......###..####....
#.......##..##......
#.......##..##......
#.......##..##......
#..>....##..##......


You could see a centaur.

Vanquished Creatures
  3 ogres
  A big kobold (D:4)
  A bullfrog (D:4)
  A howler monkey (D:3)
  A hound (D:4)
  A jelly (D:4)
  4 orc priests
  6 orc wizards
  A worker ant (D:4)
  4 gnolls (D:4)
  4 adders
  2 oozes
  A worm (D:3)
  A dart slug (D:2)
  3 leopard geckos
  19 orcs
  A ball python (D:2)
  8 giant cockroaches
  3 goblins
  10 hobgoblins
  10 jackals
  6 kobolds
  3 quokkas (D:4)
  7 bats
  6 frilled lizards
  5 rats
112 creatures vanquished.

Notes
Turn   | Place    | Note
-------+----------+-------------------------------------------
     0 | D:1      | zishaf the Ghoul Earth Elementalist began the quest for the
                  | Orb.
     0 | D:1      | Reached XP level 1. HP: 14/14 MP: 2/2
   680 | D:1      | Reached XP level 2. HP: 9/22 MP: 0/3
   844 | D:1      | HP: 1/22 [hobgoblin (4)]
  1690 | D:2      | Reached skill level 1 in Fighting
  1782 | D:2      | Reached XP level 3. HP: 28/28 MP: 5/5
  2043 | D:2      | Reached skill level 4 in Earth Magic
  2435 | D:2      | Noticed an ogre
  2460 | D:2      | Killed an ogre
  2460 | D:2      | Reached XP level 4. HP: 5/36 MP: 0/6
  2460 | D:2      | Reached XP level 5. HP: 6/41 MP: 0/7
  2969 | D:2      | Learned a level 5 spell: Lee's Rapid Deconstruction
  3217 | D:3      | Reached skill level 5 in Earth Magic
  3391 | D:3      | Reached XP level 6. HP: 46/50 MP: 4/8
  3555 | D:3      | Found an opulent altar of Gozag.
  3557 | D:3      | Found a bloodstained altar of Trog.
  3557 | D:3      | Found an opulent altar of Gozag.
  3559 | D:3      | Found an iron altar of Okawaru.
  3559 | D:3      | Found a shimmering altar of Xom.
  3559 | D:3      | Found a glowing golden altar of the Shining One.
  3660 | D:3      | Found a faded altar of an unknown god.
  4047 | D:3      | Found a snail-covered altar of Cheibriados.
  4533 | D:3      | Found a glowing silver altar of Zin.
  4777 | D:4      | Reached skill level 6 in Earth Magic
  4777 | D:4      | Reached XP level 7. HP: 40/57 MP: 6/10
  4898 | D:4      | Found a staircase to the Ecumenical Temple.
  5043 | Temple   | Entered the Ecumenical Temple
  5063 | Temple   | Became a worshipper of Vehumet
  5641 | D:4      | Reached XP level 8. HP: 66/66 MP: 7/12
  5957 | D:4      | Reached * piety under Vehumet
  5957 | D:4      | Offered knowledge of Flame Tongue by Vehumet.
  6151 | D:4      | Reached skill level 7 in Earth Magic
  6231 | D:5      | Entered Level 5 of the Dungeon
  6778 | D:4      | HP: 3/66 [centaur (2)]
  6780 | D:4      | HP: 1/66 [centaur (2)]
  6782 | D:4      | Mangled by a centaur

Vault maps used:
D:1:      wander_arrival_fairy_ring
D:3:      zin_treasury, cheibriados_altar_1, chequers_ecumenical_altar_simple,
          serial_glass, glass_columns_a, glass_columns_a,
          kennysheep_nondescript, doesnt_xom_only_xom
D:4:      kennysheep_spiral_hall, minmay_temple_entry_stoned_glass,
          minmay_tree_intersection, minmay_box_of_dots
D:5:      gammafunk_temple_overflow_statue, first_ration, hangedman_decor_push
Temple:   eino_narrow_crystal_temple

Skill      XL: |  1  2  3  4  5  6  7  8 |
---------------+-------------------------+-----
Dodging        | 2 3 4 |  4.0
Spellcasting   | 2 3 4 |  4.0
Fighting       | 1 2 3 4 |  4.2
Earth Magic    | 4 5 6 7 |  7.1
Stealth        | |  2.1
Transmutations | |  0.8

Action                   |  1- 3 |  4- 6 |  7- 9 || total
-------------------------+-------+-------+-------++-------
Melee: Unarmed           |   245 |   208 |   130 ||   583
 Cast: Sandblast         |    30 |    52 |    52 ||   134
       Lee's Rapid Decon |       |       |     5 ||     5
  Use: Scroll            |       |     6 |     1 ||     7
       Potion            |       |       |     1 ||     1
 Stab: Sleeping          |     2 |     2 |       ||     4
  Eat: Chunk             |    12 |    14 |     8 ||    34
Armor: Robe              |    63 |    62 |    48 ||   173
Dodge: Dodged            |   175 |   130 |   150 ||   455

Table legend:
 A = Non-vault XP
 B = Vault XP
 C = Vault XP percentage of total XP
 D = Non-vault monster count
 E = Vault monster count
 F = Vault count percentage of total count
                 A         B        C        D         E       F
            +---------+---------+-------+---------+---------+-------
      Total |    1293 |     139 |   9.7 |     108 |       4 |   3.6
            +---------+---------+-------+---------+---------+-------
        D:1 |      27 |       0 |   0.0 |      15 |       0 |   0.0
        D:2 |     160 |       0 |   0.0 |      23 |       0 |   0.0
        D:3 |     373 |       0 |   0.0 |      37 |       0 |   0.0
        D:4 |     729 |     139 |  16.0 |      31 |       4 |  11.4
        D:5 |       4 |       0 |   0.0 |       2 |       0 |   0.0
            +---------+---------+-------+---------+---------+-------
